| TOP OF THE 1ST |
|
Mississippi State University Bulldogs batting - Pitching for University of Conneticut Huskies : RHP Dave Cobos
|
|
Pitching: RHP Dave Cobos
|
|
|
Batting: RHB Freddie Kite
|
0-0: Ball 1-0: SINGLE (Groundball, 34D, EV 104.4 MPH)
|
|
Batting: RHB Masahito Sunada
|
0-0: Ball 1-0: Foul Ball, location: 2F 1-1: Swinging Strike 1-2: Foul Ball, location: 2F 1-2: Fly out, F8 (Flyball, 89S, EV 89.4 MPH)
|
|
Batting: RHB Benito Gonzales
|
0-0: Ball Freddie Kite is caught stealing 2nd base 2-4 1-0: Called Strike 1-1: Ball 2-1: Called Strike 2-2: Foul Ball, location: 2F 2-2: Ball 3-2: Foul Ball, location: 2F 3-2: Fly out, F1 (Line Drive, P, EV 75.0 MPH)
|
| Top of the 1st over - 0 runs, 1 hit, 0 errors, 0 left on base; Mississippi State University 0 - University of Conneticut 0 |
| BOTTOM OF THE 1ST |
|
University of Conneticut Huskies batting - Pitching for Mississippi State University Bulldogs : LHP Josh Doyle
|
|
Pitching: LHP Josh Doyle
|
|
|
Batting: RHB Kyle Finney
|
0-0: Ball 1-0: Ball 2-0: Called Strike 2-1: Swinging Strike 2-2: Foul Ball, location: 2F 2-2: Ground out 5-3 (Groundball, 56, EV 87.5 MPH)
|
|
Batting: LHB Andrew Barzee
|
0-0: DOUBLE (Line Drive, 3D, EV 98.8 MPH)
|
|
Batting: LHB Jonathan Sica
|
0-0: Ball 1-0: Ball 2-0: Fly out, F8 (Flyball, 89M, EV 98.1 MPH)
|
|
Batting: LHB Greg James
|
0-0: Ground out 4-3 (Groundball, 4, EV 96.2 MPH)
|
| Bottom of the 1st over - 0 runs, 1 hit, 0 errors, 1 left on base; Mississippi State University 0 - University of Conneticut 0 |
| TOP OF THE 2ND |
|
Mississippi State University Bulldogs batting - Pitching for University of Conneticut Huskies : RHP Dave Cobos
|
|
Batting: LHB Danny Shanahan
|
0-0: Ball 1-0: Swinging Strike 1-1: Ground out 4-3 (Groundball, 4MS, EV 87.5 MPH)
|
|
Batting: RHB Josh Stene
|
0-0: Ball 1-0: SINGLE (Line Drive, 4MD, EV 101.9 MPH)
|
|
Batting: RHB Alvin Abarca
|
0-0: Foul Ball, location: 2F 0-1: Ball 1-1: Swinging Strike 1-2: Fly out, F8 (Flyball, 89M, EV 91.2 MPH)
|
|
Batting: LHB Vinnie Kalman
|
0-0: Ground out 4-3 (Groundball, 4, EV 84.4 MPH)
|
| Top of the 2nd over - 0 runs, 1 hit, 0 errors, 1 left on base; Mississippi State University 0 - University of Conneticut 0 |
| BOTTOM OF THE 2ND |
|
University of Conneticut Huskies batting - Pitching for Mississippi State University Bulldogs : LHP Josh Doyle
|
|
Batting: RHB Cullen Elliott
|
0-0: Foul Ball, location: 2F 0-1: Ball 1-1: Ball 2-1: Foul Ball, location: 2F 2-2: Ball 3-2: Strikes out looking
|
|
Batting: RHB Dave Cobos
|
0-0: Ball 1-0: Ball 2-0: Called Strike 2-1: Called Strike 2-2: Foul Ball, location: 2F 2-2: Foul Ball, location: 2F 2-2: Ball 3-2: Strikes out swinging
|
|
Batting: RHB Victor Ramos
|
0-0: Ball 1-0: Ball 2-0: Ball 3-0: Base on Balls
|
|
Batting: RHB Jack Vokey
|
0-0: Called Strike Victor Ramos is caught stealing 2nd base 2-4
|
| Bottom of the 2nd over - 0 runs, 0 hits, 0 errors, 0 left on base; Mississippi State University 0 - University of Conneticut 0 |
| TOP OF THE 3RD |
|
Mississippi State University Bulldogs batting - Pitching for University of Conneticut Huskies : RHP Dave Cobos
|
|
Batting: RHB Eric Riley
|
0-0: Swinging Strike 0-1: Ball 1-1: Hit by Pitch
|
|
Batting: RHB Karl Lukasiewicz
|
0-0: Foul Ball, location: 2F 0-1: Ball 1-1: Foul Ball, location: 2F 1-2: Ball 2-2: Ball 3-2: Base on Balls Eric Riley to second
|
|
Batting: RHB Freddie Kite
|
0-0: Called Strike 0-1: Swinging Strike 0-2: Strikes out swinging
|
|
Batting: RHB Masahito Sunada
|
0-0: Ball 1-0: Called Strike 1-1: Foul Ball, location: 2F 1-2: Ball 2-2: Fly out, F9 (Flyball, 9, EV 89.4 MPH)
|
|
Batting: RHB Benito Gonzales
|
0-0: Ground out U3 (Groundball, 3, EV 86.9 MPH)
|
| Top of the 3rd over - 0 runs, 0 hits, 0 errors, 2 left on base; Mississippi State University 0 - University of Conneticut 0 |
| BOTTOM OF THE 3RD |
|
University of Conneticut Huskies batting - Pitching for Mississippi State University Bulldogs : LHP Josh Doyle
|
|
Batting: RHB Jack Vokey
|
0-0: Ground out 4-3 (Groundball, 4, EV 98.8 MPH)
|
|
Batting: LHB Omar Alba
|
0-0: Called Strike 0-1: Foul Ball, location: 2F 0-2: Ball 1-2: Fly out, F7 (Flyball, 7D, EV 99.4 MPH)
|
|
Batting: RHB Kyle Finney
|
0-0: Ball 1-0: Ball 2-0: Called Strike 2-1: Foul Ball, location: 2F 2-2: Foul Ball, location: 2F 2-2: SINGLE (Groundball, 56, EV 101.9 MPH) (infield hit)
|
|
Batting: LHB Andrew Barzee
|
0-0: Called Strike Kyle Finney steals 2nd base 0-1: Fly out, F8 (Flyball, 78D, EV 91.9 MPH)
|
| Bottom of the 3rd over - 0 runs, 1 hit, 0 errors, 1 left on base; Mississippi State University 0 - University of Conneticut 0 |
| TOP OF THE 4TH |
|
Mississippi State University Bulldogs batting - Pitching for University of Conneticut Huskies : RHP Dave Cobos
|
|
Batting: LHB Danny Shanahan
|
0-0: Ball 1-0: Called Strike 1-1: Ball 2-1: Foul Ball, location: 2F 2-2: Ball 3-2: Fly out, F9 (Line Drive, 9LM, EV 87.5 MPH)
|
|
Batting: RHB Josh Stene
|
0-0: Called Strike 0-1: Ball 1-1: Called Strike 1-2: Ball 2-2: Foul Ball, location: 2F 2-2: Strikes out swinging
|
|
Batting: RHB Alvin Abarca
|
0-0: Foul Ball, location: 2F 0-1: Ball 1-1: Swinging Strike 1-2: Ground out 4-3 (Groundball, 4, EV 87.5 MPH)
|
| Top of the 4th over - 0 runs, 0 hits, 0 errors, 0 left on base; Mississippi State University 0 - University of Conneticut 0 |
| BOTTOM OF THE 4TH |
|
University of Conneticut Huskies batting - Pitching for Mississippi State University Bulldogs : LHP Josh Doyle
|
|
Batting: LHB Jonathan Sica
|
0-0: Called Strike 0-1: Ball 1-1: Ball 2-1: Fly out, F5 (Popup, 5, EV 75.0 MPH)
|
|
Batting: LHB Greg James
|
0-0: Ball 1-0: Ball 2-0: Ball 3-0: Base on Balls
|
|
Batting: RHB Cullen Elliott
|
0-0: Swinging Strike 0-1: Foul Ball, location: 2F 0-2: SINGLE (Line Drive, 5D, EV 96.9 MPH) Greg James to second
|
|
Batting: RHB Dave Cobos
|
0-0: Ground out U3 (Groundball, 34S, EV 68.8 MPH) Greg James to third Cullen Elliott to second
|
|
Batting: RHB Victor Ramos
|
0-0: Foul Ball, location: 2F 0-1: Ball 1-1: SINGLE (Flyball, 9LS, EV 95.6 MPH) Greg James scores Cullen Elliott to third
|
|
Batting: RHB Jack Vokey
|
0-0: Ball 1-0: Called Strike 1-1: Ground out 4-3 (Groundball, 4, EV 108.8 MPH)
|
| Bottom of the 4th over - 1 run, 2 hits, 0 errors, 2 left on base; Mississippi State University 0 - University of Conneticut 1 |
| TOP OF THE 5TH |
|
Mississippi State University Bulldogs batting - Pitching for University of Conneticut Huskies : RHP Dave Cobos
|
|
Batting: LHB Vinnie Kalman
|
0-0: Ground out 6-3 (Groundball, 6M, EV 110.0 MPH)
|
|
Batting: RHB Eric Riley
|
0-0: Called Strike 0-1: Called Strike 0-2: Ball 1-2: Ball 2-2: Foul Ball, location: 2F 2-2: Ground out 4-3 (Groundball, 4, EV 90.6 MPH)
|
|
Batting: RHB Karl Lukasiewicz
|
0-0: Ball 1-0: Called Strike 1-1: Ball 2-1: Ball 3-1: SINGLE (Groundball, 56D, EV 95.0 MPH)
|
|
Batting: RHB Freddie Kite
|
0-0: Called Strike 0-1: Called Strike 0-2: Ball 1-2: Strikes out looking
|
| Top of the 5th over - 0 runs, 1 hit, 0 errors, 1 left on base; Mississippi State University 0 - University of Conneticut 1 |
| BOTTOM OF THE 5TH |
|
University of Conneticut Huskies batting - Pitching for Mississippi State University Bulldogs : LHP Josh Doyle
|
|
Batting: LHB Omar Alba
|
0-0: Ball 1-0: Ball 2-0: Called Strike 2-1: Foul Ball, location: 2F 2-2: Foul Ball, location: 2F 2-2: SINGLE (Line Drive, 89S, EV 84.4 MPH)
|
|
Batting: RHB Kyle Finney
|
0-0: Ball 1-0: Ball 2-0: Ball 3-0: Base on Balls Omar Alba to second
|
|
Batting: LHB Andrew Barzee
|
0-0: Fielders Choice at 2nd, 3-6 (Groundball, 13, EV 90.0 MPH) Omar Alba to third
|
|
Batting: LHB Jonathan Sica
|
0-0: Ball 1-0: Foul Ball, location: 2F 1-1: Grounds into double play, 5-4-3 (Groundball, 56, EV 86.9 MPH)
|
| Bottom of the 5th over - 0 runs, 1 hit, 0 errors, 1 left on base; Mississippi State University 0 - University of Conneticut 1 |
| TOP OF THE 6TH |
|
Mississippi State University Bulldogs batting - Pitching for University of Conneticut Huskies : RHP Dave Cobos
|
|
Pitching: LHP Alex Membreno
|
|
|
Batting: RHB Masahito Sunada
|
0-0: Ball 1-0: Fly out, F4 (Popup, 4S, EV 78.8 MPH)
|
|
Batting: RHB Benito Gonzales
|
0-0: Ground out 6-3 (Groundball, 6, EV 89.4 MPH)
|
|
Batting: LHB Danny Shanahan
|
0-0: Ground out 4-3 (Groundball, 4, EV 96.9 MPH)
|
| Top of the 6th over - 0 runs, 0 hits, 0 errors, 0 left on base; Mississippi State University 0 - University of Conneticut 1 |
| BOTTOM OF THE 6TH |
|
University of Conneticut Huskies batting - Pitching for Mississippi State University Bulldogs : LHP Josh Doyle
|
|
Pitching: RHP Erik Bradshaw
|
|
|
Batting: LHB Greg James
|
0-0: Ball 1-0: Ground out 4-3 (Groundball, 4, EV 95.0 MPH)
|
|
Batting: RHB Cullen Elliott
|
0-0: Ball 1-0: Called Strike 1-1: Foul Ball, location: 2F 1-2: Strikes out swinging
|
|
Batting: RHB Dave Cobos
|
0-0: Fly out, F7 (Flyball, 78D, EV 101.2 MPH)
|
| Bottom of the 6th over - 0 runs, 0 hits, 0 errors, 0 left on base; Mississippi State University 0 - University of Conneticut 1 |
| TOP OF THE 7TH |
|
Mississippi State University Bulldogs batting - Pitching for University of Conneticut Huskies : LHP Alex Membreno
|
|
Batting: RHB Josh Stene
|
0-0: Ball 1-0: Ball 2-0: Fly out, F6 (Line Drive, 6M, EV 75.6 MPH)
|
|
Batting: RHB Alvin Abarca
|
0-0: Swinging Strike 0-1: Swinging Strike 0-2: Hit by Pitch
|
|
Batting: LHB Vinnie Kalman
|
0-0: Called Strike 0-1: Foul Ball, location: 2F 0-2: Grounds into double play, 4-6-3 (Groundball, 4, EV 98.1 MPH)
|
| Top of the 7th over - 0 runs, 0 hits, 0 errors, 0 left on base; Mississippi State University 0 - University of Conneticut 1 |
| BOTTOM OF THE 7TH |
|
University of Conneticut Huskies batting - Pitching for Mississippi State University Bulldogs : RHP Erik Bradshaw
|
|
Batting: RHB Victor Ramos
|
0-0: Ball 1-0: Ball 2-0: Called Strike 2-1: Ball 3-1: Base on Balls
|
|
Batting: RHB Jack Vokey
|
0-0: Ball 1-0: DOUBLE (Flyball, 78D, EV 101.9 MPH) Victor Ramos to third
|
|
Batting: LHB Omar Alba
|
0-0: Ball 1-0: Ball 2-0: Ground out 3-1 (Groundball, 34S, EV 88.1 MPH)
|
|
Batting: RHB Kyle Finney
|
0-0: Ball 1-0: Ball 2-0: Ball 3-0: Called Strike 3-1: Fly out, F9 (Flyball, 9, EV 84.4 MPH)
|
|
Batting: LHB Andrew Barzee
|
0-0: Ball 1-0: Ball 2-0: Foul Ball, location: 2F 2-1: Ball 3-1: Called Strike 3-2: Strikes out swinging
|
| Bottom of the 7th over - 0 runs, 1 hit, 0 errors, 2 left on base; Mississippi State University 0 - University of Conneticut 1 |
| TOP OF THE 8TH |
|
Mississippi State University Bulldogs batting - Pitching for University of Conneticut Huskies : LHP Alex Membreno
|
|
Pitching: RHP Phil Hilton
|
|
|
Pinch Hitting: RHB Alexis Gallegos
|
0-0: Called Strike 0-1: Ball 1-1: Foul Ball, location: 2F 1-2: Ball 2-2: Strikes out looking
|
|
Batting: RHB Karl Lukasiewicz
|
0-0: Called Strike 0-1: Ground out 1-3 (Groundball, 34S, EV 70.0 MPH)
|
|
Batting: RHB Freddie Kite
|
0-0: Called Strike 0-1: Ball 1-1: Ball 2-1: Ball 3-1: Base on Balls
|
|
Batting: RHB Masahito Sunada
|
0-0: Fielders Choice at 2nd, U4 (Groundball, 4M, EV 79.4 MPH)
|
| Top of the 8th over - 0 runs, 0 hits, 0 errors, 1 left on base; Mississippi State University 0 - University of Conneticut 1 |
| BOTTOM OF THE 8TH |
|
University of Conneticut Huskies batting - Pitching for Mississippi State University Bulldogs : RHP Erik Bradshaw
|
|
Pitching: RHP Julio Espana
|
|
|
Now at 2B: Alexis Gallegos
|
|
|
Batting: LHB Jonathan Sica
|
0-0: Foul Ball, location: 2F 0-1: Ball 1-1: Foul Ball, location: 2F 1-2: Ball 2-2: Ball 3-2: Fly out, F8 (Flyball, 89M, EV 93.1 MPH)
|
|
Batting: LHB Greg James
|
0-0: Called Strike 0-1: Ground out 4-3 (Groundball, 4, EV 91.2 MPH)
|
|
Batting: RHB Cullen Elliott
|
0-0: Ball 1-0: Fly out, F8 (Flyball, 8RD, EV 94.4 MPH)
|
| Bottom of the 8th over - 0 runs, 0 hits, 0 errors, 0 left on base; Mississippi State University 0 - University of Conneticut 1 |
| TOP OF THE 9TH |
|
Mississippi State University Bulldogs batting - Pitching for University of Conneticut Huskies : RHP Phil Hilton
|
|
Pitching: LHP Jesus Cordero
|
|
|
Now at 2B: Cullen Elliott
|
|
|
Now at 3B: Jordan Nicholas
|
|
|
Batting: RHB Benito Gonzales
|
0-0: Called Strike 0-1: Ball 1-1: Ball 2-1: Swinging Strike 2-2: Strikes out swinging
|
|
Pinch Hitting: RHB Josh Simmons
|
0-0: Ball 1-0: Ball 2-0: Foul Ball, location: 2F 2-1: Ground out 1-3 (Groundball, 13S, EV 68.8 MPH)
|
|
Batting: RHB Josh Stene
|
0-0: Foul Ball, location: 2F 0-1: Ball 1-1: Ball 2-1: Ground out 6-3 (Groundball, 6M, EV 80.6 MPH)
|
| Top of the 9th over - 0 runs, 0 hits, 0 errors, 0 left on base; Mississippi State University 0 - University of Conneticut 1 |
|